| TOP OF THE 1ST |
|
Kelowna Heat batting - Pitching for Houston Colt .45's : LHP Manny Muniz
|
|
Pitching: LHP Manny Muniz
|
|
|
Batting: RHB Soichi Kaneshiro
|
0-0: Ball 1-0: Reached on error, E9 (Flyball, 9, EV 91.9 MPH)
|
|
Batting: LHB Ricardo Torres
|
0-0: SINGLE (Groundball, 56S, EV 66.2 MPH) (infield hit) Soichi Kaneshiro to second
|
|
Batting: LHB Adrian Navarro
|
0-0: Ball 1-0: Foul Ball, location: 2F 1-1: Foul Ball, location: 2F 1-2: Ball 2-2: Ball 3-2: Foul Ball, location: 2F 3-2: SINGLE (Groundball, 4MD, EV 95.6 MPH) Soichi Kaneshiro to third Ricardo Torres to second
|
|
Batting: RHB Mike Storey
|
0-0: Ball 1-0: Swinging Strike 1-1: Swinging Strike 1-2: Strikes out swinging
|
|
Batting: RHB Sean Gilbert
|
0-0: Ball 1-0: Called Strike 1-1: Ball 2-1: Ball 3-1: Base on Balls Soichi Kaneshiro scores Ricardo Torres to third Adrian Navarro to second
|
|
Batting: SHB Michael Woodard
|
0-0: Swinging Strike 0-1: Ball 1-1: Foul Ball, location: 2F 1-2: Strikes out looking
|
|
Batting: RHB Glen Limeburner
|
0-0: Ball 1-0: Ball 2-0: Fielders Choice at 2nd, 6-4 (Groundball, 6, EV 88.8 MPH)
|
| Top of the 1st over - 1 run, 2 hits, 1 error, 3 left on base; Kelowna 1 - Houston 0 |
| BOTTOM OF THE 1ST |
|
Houston Colt .45's batting - Pitching for Kelowna Heat : RHP Jerry Schlaak
|
|
Pitching: RHP Jerry Schlaak
|
|
|
Batting: RHB Bill Borden
|
0-0: Called Strike 0-1: Ball 1-1: Ball 2-1: Ball 3-1: Base on Balls
|
|
Batting: LHB Bert Middleton
|
0-0: Ball 1-0: Fly out, F7 (Flyball, 7S, EV 83.1 MPH)
|
|
Batting: RHB Josh Reisner
|
0-0: Called Strike 0-1: Foul Ball, location: 2F 0-2: Ball 1-2: Fly out, F9 (Flyball, 9, EV 74.4 MPH)
|
|
Batting: LHB Vecdi Hodensack
|
0-0: Fielders Choice at 2nd, U6 (Groundball, 6M, EV 100.6 MPH)
|
| Bottom of the 1st over - 0 runs, 0 hits, 0 errors, 1 left on base; Kelowna 1 - Houston 0 |
| TOP OF THE 2ND |
|
Kelowna Heat batting - Pitching for Houston Colt .45's : LHP Manny Muniz
|
|
Batting: RHB Joe Nelson
|
0-0: Called Strike 0-1: Foul Ball, location: 2F 0-2: Ball 1-2: Fly out, F7 (Line Drive, 78M, EV 103.1 MPH)
|
|
Batting: RHB Danny Estrada
|
0-0: Called Strike 0-1: Swinging Strike 0-2: Ball 1-2: Ball 2-2: Ball 3-2: Strikes out looking
|
|
Batting: RHB Soichi Kaneshiro
|
0-0: SINGLE (Line Drive, 9S, EV 110.6 MPH)
|
|
Batting: LHB Ricardo Torres
|
0-0: Called Strike 0-1: Ball 1-1: Swinging Strike 1-2: Foul Ball, location: 2F 1-2: Foul Ball, location: 2F 1-2: Strikes out looking
|
| Top of the 2nd over - 0 runs, 1 hit, 0 errors, 1 left on base; Kelowna 1 - Houston 0 |
| BOTTOM OF THE 2ND |
|
Houston Colt .45's batting - Pitching for Kelowna Heat : RHP Jerry Schlaak
|
|
Batting: RHB Jamie Walker
|
0-0: Ball 1-0: Swinging Strike 1-1: SINGLE (Line Drive, 7S, EV 95.0 MPH)
|
|
Batting: RHB Tim Williams
|
0-0: Swinging Strike 0-1: Foul Ball, location: 2F Balk! Jamie Walker to second 0-2: SINGLE (Groundball, 56, EV 103.8 MPH) (infield hit) Jamie Walker to third
|
|
Batting: RHB Fernando Acosta
|
0-0: Ball 1-0: Foul Ball, location: 2F 1-1: SINGLE (Groundball, 4M, EV 101.9 MPH) (infield hit) Jamie Walker scores Tim Williams to second
|
|
Batting: LHB Casper Significant
|
0-0: Swinging Strike 0-1: Foul Ball, location: 2F 0-2: Ball 1-2: Foul Ball, location: 2F 1-2: Strikes out swinging
|
|
Batting: RHB Kenny Beall
|
0-0: Ball 1-0: Foul Ball, location: 2F 1-1: Called Strike 1-2: Strikes out swinging
|
|
Batting: RHB Bill Borden
|
0-0: Ball 1-0: Called Strike 1-1: Ball 2-1: Foul Ball, location: 2F 2-2: Ball 3-2: Foul Ball, location: 2F 3-2: Strikes out swinging
|
| Bottom of the 2nd over - 1 run, 3 hits, 0 errors, 2 left on base; Kelowna 1 - Houston 1 |
| TOP OF THE 3RD |
|
Kelowna Heat batting - Pitching for Houston Colt .45's : LHP Manny Muniz
|
|
Batting: LHB Adrian Navarro
|
0-0: Called Strike 0-1: Foul Ball, location: 2F 0-2: Strikes out looking
|
|
Batting: RHB Mike Storey
|
0-0: Ball 1-0: Swinging Strike 1-1: Swinging Strike 1-2: Ball 2-2: Strikes out swinging
|
|
Batting: RHB Sean Gilbert
|
0-0: Ball 1-0: Ground out 5-3 (Groundball, 6S, EV 70.0 MPH)
|
| Top of the 3rd over - 0 runs, 0 hits, 0 errors, 0 left on base; Kelowna 1 - Houston 1 |
| BOTTOM OF THE 3RD |
|
Houston Colt .45's batting - Pitching for Kelowna Heat : RHP Jerry Schlaak
|
|
Batting: LHB Bert Middleton
|
0-0: Ball 1-0: Ball 2-0: SOLO HOME RUN (Flyball, 89XD, EV 102.5 MPH), Distance : 404 ft
|
|
Batting: RHB Josh Reisner
|
0-0: Ball 1-0: Ball 2-0: Foul Ball, location: 2F 2-1: Ball 3-1: Base on Balls
|
|
Batting: LHB Vecdi Hodensack
|
0-0: Ball 1-0: Called Strike 1-1: Fly out, F7 (Flyball, 7D, EV 97.5 MPH)
|
|
Batting: RHB Jamie Walker
|
0-0: Ball 1-0: Ball 2-0: Foul Ball, location: 2F 2-1: Foul Ball, location: 2F 2-2: Grounds into double play, 6-4-3 (Groundball, 6, EV 108.8 MPH)
|
| Bottom of the 3rd over - 1 run, 1 hit, 0 errors, 0 left on base; Kelowna 1 - Houston 2 |
| TOP OF THE 4TH |
|
Kelowna Heat batting - Pitching for Houston Colt .45's : LHP Manny Muniz
|
|
Batting: SHB Michael Woodard
|
0-0: Ball 1-0: Swinging Strike 1-1: Foul Ball, location: 2F 1-2: Ball 2-2: Foul Ball, location: 2F 2-2: Foul Ball, location: 2F 2-2: Ball 3-2: Strikes out swinging
|
|
Batting: RHB Glen Limeburner
|
0-0: Foul Ball, location: 2F 0-1: Fly out, F7 (Flyball, 7D, EV 97.5 MPH)
|
|
Batting: RHB Joe Nelson
|
0-0: Ball 1-0: Ball 2-0: Ball 3-0: Called Strike 3-1: Ground out 6-3 (Groundball, 6, EV 85.6 MPH)
|
| Top of the 4th over - 0 runs, 0 hits, 0 errors, 0 left on base; Kelowna 1 - Houston 2 |
| BOTTOM OF THE 4TH |
|
Houston Colt .45's batting - Pitching for Kelowna Heat : RHP Jerry Schlaak
|
|
Batting: RHB Tim Williams
|
0-0: Ball 1-0: Called Strike 1-1: Fly out, F8 (Line Drive, 8RD, EV 93.1 MPH)
|
|
Batting: RHB Fernando Acosta
|
0-0: Called Strike 0-1: Called Strike 0-2: Strikes out swinging
|
|
Batting: LHB Casper Significant
|
0-0: Ball 1-0: Ball 2-0: Ground out 6-3 (Groundball, 6MS, EV 93.1 MPH)
|
| Bottom of the 4th over - 0 runs, 0 hits, 0 errors, 0 left on base; Kelowna 1 - Houston 2 |
| TOP OF THE 5TH |
|
Kelowna Heat batting - Pitching for Houston Colt .45's : LHP Manny Muniz
|
|
Batting: RHB Danny Estrada
|
0-0: Ball 1-0: Foul Ball, location: 2F 1-1: Swinging Strike 1-2: Foul Ball, location: 2F 1-2: Strikes out swinging, 2-3 out at first.
|
|
Batting: RHB Soichi Kaneshiro
|
0-0: SINGLE (Line Drive, 5D, EV 99.4 MPH)
|
|
Batting: LHB Ricardo Torres
|
0-0: Ball 1-0: Called Strike 1-1: Called Strike 1-2: Ball 2-2: Ball 3-2: Ground out U3 (Groundball, 3, EV 95.6 MPH) Soichi Kaneshiro to second
|
|
Pitching: LHP Jordan Garcia
|
|
|
Batting: LHB Adrian Navarro
|
0-0: Swinging Strike 0-1: Foul Ball, location: 2F 0-2: Strikes out swinging
|
| Top of the 5th over - 0 runs, 1 hit, 0 errors, 1 left on base; Kelowna 1 - Houston 2 |
| BOTTOM OF THE 5TH |
|
Houston Colt .45's batting - Pitching for Kelowna Heat : RHP Jerry Schlaak
|
|
Batting: RHB Kenny Beall
|
0-0: Foul Ball, location: 2F 0-1: Foul Ball, location: 2F 0-2: Hit by Pitch
|
|
Batting: RHB Bill Borden
|
0-0: Called Strike 0-1: Ball 1-1: Ball 2-1: 2-RUN HOME RUN (Line Drive, 9LD, EV 97.5 MPH), Distance : 363 ft
|
|
Batting: LHB Bert Middleton
|
0-0: Ball 1-0: SINGLE (Line Drive, 7S, EV 106.2 MPH)
|
|
Batting: RHB Josh Reisner
|
0-0: Swinging Strike 0-1: Foul Ball, location: 2F 0-2: Strikes out swinging
|
|
Batting: LHB Vecdi Hodensack
|
0-0: Called Strike 0-1: Called Strike 0-2: Ball 1-2: Ball 2-2: Foul Ball, location: 2F 2-2: Ball 3-2: Grounds into double play, 5-4-3 (Groundball, 56, EV 78.1 MPH)
|
| Bottom of the 5th over - 2 runs, 2 hits, 0 errors, 0 left on base; Kelowna 1 - Houston 4 |
| TOP OF THE 6TH |
|
Kelowna Heat batting - Pitching for Houston Colt .45's : LHP Jordan Garcia
|
|
Batting: RHB Mike Storey
|
0-0: Ball 1-0: Called Strike 1-1: Ball 2-1: Swinging Strike 2-2: Ball 3-2: Foul Ball, location: 2F 3-2: Foul Ball, location: 2F 3-2: Strikes out looking
|
|
Batting: RHB Sean Gilbert
|
0-0: Ball 1-0: Called Strike 1-1: Swinging Strike 1-2: Fly out, F8 (Flyball, 8LD, EV 75.0 MPH)
|
|
Batting: SHB Michael Woodard
|
0-0: SINGLE (Line Drive, 6MD, EV 101.9 MPH)
|
|
Batting: RHB Glen Limeburner
|
0-0: Ball 1-0: Ground out 4-3 (Groundball, 4, EV 98.1 MPH)
|
| Top of the 6th over - 0 runs, 1 hit, 0 errors, 1 left on base; Kelowna 1 - Houston 4 |
| BOTTOM OF THE 6TH |
|
Houston Colt .45's batting - Pitching for Kelowna Heat : RHP Jerry Schlaak
|
|
Batting: RHB Jamie Walker
|
0-0: Called Strike 0-1: Swinging Strike 0-2: Ball 1-2: Foul Ball, location: 2F 1-2: Ball 2-2: Ball 3-2: DOUBLE (Flyball, 8LD, EV 98.8 MPH)
|
|
Batting: RHB Tim Williams
|
0-0: Intentional Walk
|
|
Batting: RHB Fernando Acosta
|
0-0: Ball 1-0: SINGLE (Line Drive, 4M, EV 94.4 MPH) Jamie Walker to third Tim Williams to second
|
|
Batting: LHB Casper Significant
|
0-0: Ball 1-0: Ball 2-0: SINGLE (Flyball, 78S, EV 91.9 MPH) Jamie Walker scores Tim Williams to third Fernando Acosta to second
|
|
Batting: RHB Kenny Beall
|
0-0: Called Strike 0-1: DOUBLE (Line Drive, 7LM, EV 91.9 MPH) Tim Williams scores Fernando Acosta scores Casper Significant to third Runner from 3rd tries for Home, SAFE, no throw by LF
|
|
Batting: RHB Bill Borden
|
0-0: SINGLE (Line Drive, 78S, EV 93.8 MPH) Kenny Beall to third
|
|
Batting: LHB Bert Middleton
|
0-0: Ball 1-0: Ball 2-0: Ball 3-0: Called Strike 3-1: Base on Balls Bill Borden to second
|
|
Batting: RHB Josh Reisner
|
0-0: Foul Ball, location: 2F 0-1: Ball 1-1: Ball 2-1: Ball Wild Pitch! Kenny Beall scores Bill Borden to third Bert Middleton to second 3-1: Base on Balls
|
|
Batting: LHB Vecdi Hodensack
|
0-0: Ball 1-0: Foul Ball, location: 2F 1-1: Ball 2-1: Fly out, F5 (Popup, 25F, EV 86.2 MPH)
|
|
Batting: RHB Jamie Walker
|
0-0: DOUBLE (Flyball, 78XD, EV 113.1 MPH) Bill Borden scores Bert Middleton scores Josh Reisner to third
|
|
Batting: RHB Tim Williams
|
0-0: SINGLE (Line Drive, 9S, EV 87.5 MPH) Josh Reisner scores Jamie Walker to third
|
|
Batting: RHB Fernando Acosta
|
0-0: DOUBLE (Line Drive, 89D, EV 108.8 MPH) Jamie Walker scores Tim Williams to third Runner from 3rd tries for Home, throw by CF and OUT! 8-4-2 Fernando Acosta to third
|
|
Batting: LHB Casper Significant
|
0-0: Ball 1-0: Ball 2-0: Fly out, F7 (Flyball, 7LD, EV 98.8 MPH)
|
| Bottom of the 6th over - 9 runs, 8 hits, 0 errors, 1 left on base; Kelowna 1 - Houston 13 |
| TOP OF THE 7TH |
|
Kelowna Heat batting - Pitching for Houston Colt .45's : LHP Jordan Garcia
|
|
Batting: RHB Joe Nelson
|
0-0: Ball 1-0: Ball 2-0: Called Strike 2-1: Foul Ball, location: 2F 2-2: Strikes out looking
|
|
Batting: RHB Danny Estrada
|
0-0: Ball 1-0: Ball 2-0: Called Strike 2-1: Foul Ball, location: 2F 2-2: Foul Ball, location: 2F 2-2: Strikes out swinging
|
|
Batting: RHB Soichi Kaneshiro
|
0-0: Foul Ball, location: 2F 0-1: Foul Ball, location: 2F 0-2: Strikes out swinging
|
| Top of the 7th over - 0 runs, 0 hits, 0 errors, 0 left on base; Kelowna 1 - Houston 13 |
| BOTTOM OF THE 7TH |
|
Houston Colt .45's batting - Pitching for Kelowna Heat : RHP Jerry Schlaak
|
|
Batting: RHB Kenny Beall
|
0-0: Foul Ball, location: 2F 0-1: Foul Ball, location: 2F 0-2: Strikes out swinging, 2-3 out at first.
|
|
Batting: RHB Bill Borden
|
0-0: Ball 1-0: Ball 2-0: SINGLE (Groundball, 56D, EV 100.0 MPH)
|
|
Batting: LHB Bert Middleton
|
0-0: Called Strike 0-1: Ball 1-1: Foul Ball, location: 2F 1-2: Strikes out swinging
|
|
Batting: RHB Josh Reisner
|
0-0: Called Strike 0-1: Ball 1-1: Ball 2-1: Swinging Strike 2-2: Strikes out swinging
|
| Bottom of the 7th over - 0 runs, 1 hit, 0 errors, 1 left on base; Kelowna 1 - Houston 13 |
| TOP OF THE 8TH |
|
Kelowna Heat batting - Pitching for Houston Colt .45's : LHP Jordan Garcia
|
|
Pitching: RHP Rory Mozer
|
|
|
Batting: LHB Ricardo Torres
|
0-0: Ground out 5-3 (Groundball, 5, EV 86.9 MPH)
|
|
Batting: LHB Adrian Navarro
|
0-0: Ball 1-0: Foul Ball, location: 2F 1-1: Ball 2-1: Swinging Strike 2-2: Ball 3-2: DOUBLE (Flyball, 8LXD, EV 93.8 MPH)
|
|
Batting: RHB Mike Storey
|
0-0: Called Strike 0-1: Foul Ball, location: 2F 0-2: Strikes out looking
|
|
Batting: RHB Sean Gilbert
|
0-0: Ball 1-0: Ball 2-0: Called Strike 2-1: Ball 3-1: Foul Ball, location: 2F 3-2: Strikes out swinging
|
| Top of the 8th over - 0 runs, 1 hit, 0 errors, 1 left on base; Kelowna 1 - Houston 13 |
| BOTTOM OF THE 8TH |
|
Houston Colt .45's batting - Pitching for Kelowna Heat : RHP Jerry Schlaak
|
|
Batting: LHB Vecdi Hodensack
|
0-0: Ball 1-0: Foul Ball, location: 2F 1-1: Swinging Strike 1-2: Strikes out swinging
|
|
Batting: RHB Jamie Walker
|
0-0: Called Strike 0-1: SOLO HOME RUN (Flyball, 9D, EV 93.8 MPH), Distance : 363 ft
|
|
Batting: RHB Tim Williams
|
0-0: SOLO HOME RUN (Flyball, 9D, EV 101.9 MPH), Distance : 400 ft
|
|
Batting: RHB Fernando Acosta
|
0-0: Ground out 4-3 (Groundball, 4, EV 83.1 MPH)
|
|
Batting: LHB Casper Significant
|
0-0: Ball 1-0: Fly out, F7 (Flyball, 78M, EV 86.2 MPH)
|
| Bottom of the 8th over - 2 runs, 2 hits, 0 errors, 0 left on base; Kelowna 1 - Houston 15 |
| TOP OF THE 9TH |
|
Kelowna Heat batting - Pitching for Houston Colt .45's : RHP Rory Mozer
|
|
Batting: SHB Michael Woodard
|
0-0: Ball 1-0: Called Strike 1-1: Foul Ball, location: 2F 1-2: Ground out 4-3 (Groundball, 4, EV 83.8 MPH)
|
|
Batting: RHB Glen Limeburner
|
0-0: Ball 1-0: Called Strike 1-1: Ball 2-1: Ball 3-1: Swinging Strike 3-2: Strikes out swinging
|
|
Batting: RHB Joe Nelson
|
0-0: Ball 1-0: Ball 2-0: Foul Ball, location: 2F 2-1: Reached on error, E9 (Flyball, 89S, EV 84.4 MPH)
|
|
Batting: RHB Danny Estrada
|
0-0: Ball 1-0: Called Strike 1-1: Ball 2-1: Ground out 5-3 (Groundball, 56, EV 109.4 MPH)
|
| Top of the 9th over - 0 runs, 0 hits, 1 error, 1 left on base; Kelowna 1 - Houston 15 |
|